 Dungeon Crawl Stone Soup version 0.27-a0-1334-g2746e35aca (webtiles) character file.

Game seed: 8414726603534448599

2 hatdisgam the Covert (level 1, 0/23 HPs)
             Began as a Gnoll Delver on June 27, 2021.
             Slain by an orc wizard (1 damage)
             ... on level 5 of the Dungeon.
             The game lasted 00:01:10 (141 turns).

hatdisgam the Covert (Gnoll Delver)                  Turns: 141, Time: 00:01:10

Health: 0/23       AC:  4    Str: 15    XL:     1   Next: 30%
Magic:  1/1        EV: 13    Int:  9    God:
Gold:   18         SH:  0    Dex: 13    Spells: 0/0 levels left

rFire    . . .     SeeInvis .   a - +0 falchion
rCold    . . .     Faith    .   (no shield)
rNeg     . . .     Spirit   .   h - +2 robe of Grace {Rampage Str+4}
rPois    .         Reflect  .   (no helmet)
rElec    .         Harm     .   (no cloak)
rCorr    .         Rampage  +   (no gloves)
Will     .....                  (no boots)
Stlth    ++++......             (no amulet)
HPRegen  0.07/turn              (no ring)
MPRegen  0.07/turn              (no ring)

@: hasted, very quick
A: fangs 1, strong nose, distributed training
a: no special abilities


You were on level 5 of the Dungeon.
You visited 1 branch of the dungeon, and saw 1 of its levels.

You collected 18 gold pieces.

Inventory:

Hand Weapons
 a - a +0 falchion (weapon)
Armour
 b - a +0 leather armour
 h - the +2 robe of Grace (worn) {Rampage Str+4}
   (You found it on level 5 of the Dungeon)

   It affects your strength (+4).
   It bestows one free step when moving towards enemies.
Wands
 g - a wand of digging (3)
Scrolls
 c - a scroll of fog
 d - a scroll of magic mapping
 e - a scroll of fear


   Skills:
 + Level 6.4 Fighting
 + Level 0.0 Short Blades
 + Level 4.4 Long Blades
 + Level 0.0 Axes
 + Level 0.0 Maces & Flails
 + Level 0.0 Polearms
 + Level 0.0 Staves
 + Level 0.0 Slings
 + Level 0.0 Bows
 + Level 0.0 Crossbows
 + Level 0.0 Throwing
 + Level 0.0 Armour
 + Level 4.4 Dodging
 + Level 9.5 Stealth
 + Level 0.0 Shields
 + Level 0.0 Unarmed Combat
 + Level 0.0 Spellcasting
 + Level 0.0 Conjurations
 + Level 0.0 Hexes
 + Level 0.0 Summonings
 + Level 0.0 Necromancy
 + Level 0.0 Translocations
 + Level 0.0 Transmutations
 + Level 0.0 Fire Magic
 + Level 0.0 Ice Magic
 + Level 0.0 Air Magic
 + Level 0.0 Earth Magic
 + Level 0.0 Poison Magic
 + Level 0.1 Invocations
 + Level 0.0 Evocations


You couldn't memorise any spells.
You didn't know any spells.
Your spell library was empty.

Dungeon Overview and Level Annotations

Branches:
Dungeon (5/15)             Temple (0/1) D:5

Altars:


Innate Abilities, Weirdness & Mutations

You have very sharp teeth.
Your uncanny sense of smell can sniff out nearby items.
Your experience applies equally to all skills.


Message History

The orc wizard is moderately wounded.
The orc wizard hits you but does no damage.
You closely miss the orc wizard.
The orc wizard is moderately wounded.
The orc wizard hits you but does no damage.
You barely miss the orc wizard.
The orc wizard is moderately wounded.
You hit the orc wizard but do no damage.
The orc wizard is moderately wounded.
The orc wizard casts a spell at you. You resist with significant effort.
You hit the orc wizard but do no damage.
The orc wizard is moderately wounded.
The orc wizard hits you with a +0 dagger.
* * * LOW HITPOINT WARNING * * *
You hit the orc wizard but do no damage.
The orc wizard is moderately wounded.
An ogre comes into view. It is wielding a +0 giant spiked club.
You closely miss the orc wizard.
The ogre shouts!
You bite the orc wizard, but do no damage.
The orc wizard is moderately wounded.
The orc wizard misses you.
You closely miss the orc wizard.
The orc wizard is moderately wounded.
The orc wizard casts a spell.
The orc wizard flickers and vanishes!
Deactivating autopickup; reactivate with Ctrl-A.
Something unexpectedly blocked you, preventing you from rampaging!
You barely miss something. Something hits you but does no damage.
Something unexpectedly blocked you, preventing you from rampaging!
You hit something. Something hits you.
* * * LOW HITPOINT WARNING * * *
Something unexpectedly blocked you, preventing you from rampaging!
You barely miss something. You bite something.
Something unexpectedly blocked you, preventing you from rampaging!
You hit something. Something barely misses you.
Something unexpectedly blocked you, preventing you from rampaging!
You hit something. Something hits you.
You die...

.... ##### ....
#...# .....
#..## .....
##.## .o....
#..# #o.....
##.# ##.......
#.####........
h#
##.@{oO........
.##
##.###o.....?...
..# ##..#
#..........
..#.### ##..##
#.........#
..#.#.# #..##
...........
..#.#.#####.##
#......#.#..
......[.(..##
#.....#.#.#.
..........##
#....#.#.#.
..........#
#.....#.>.


You could see an ogre and 2 orcs.

Vanquished Creatures
  An orc (D:5)
1 creature vanquished.

Notes
Turn   | Place    | Note
-------+----------+-------------------------------------------
     0 | D:5      | Reached skill level 9 in Stealth
     0 | D:5      | hatdisgam the Gnoll Delver began the quest for the Orb.
     0 | D:5      | Reached XP level 1. HP: 23/23 MP: 1/1
     9 | D:5      | Identified the +2 robe of Grace {Rampage Str+4}
    66 | D:5      | Noticed a hound
    74 | D:5      | Noticed a scorpion
   113 | D:5      | Found a staircase to the Ecumenical Temple.
   113 | D:5      | Noticed an orc wizard
   134 | D:5      | Noticed an ogre
   138 | D:5      | HP: 1/23 [something (2)]
   141 | D:5      | Slain by an orc wizard

Illustrated notes

Levels and vault maps discovered:
D:5:      minmay_general_purpose_star, layout_cave_pods,
          minmay_temple_entry_grid, minmay_hollow_rounded_squares

Skill      XL: | |
---------------+-+-----
Stealth        | |  9.5
Fighting       | |  6.4
Long Blades    | |  4.4
Dodging        | |  4.4
Invocations    | |  0.1

Action                   || total
-------------------------++-------
Melee: Falchion          ||    19
       Bite              ||     2
  Use: Potion            ||     1
Armor: Robe              ||     5
Dodge: Dodged            ||     5

Table legend: (Time is in decaauts)
 A = Elapsed time spent in this place.
 B = Non-inter-level travel time spent in this place.
 C = Inter-level travel time spent in this place.
 D = Time resting spent in this place.
 E = Time spent auto-exploring this place.
 F = Levels seen in this place.
 G = Mean time per level.
                   A        B        C        D        E       F      G
               +--------+--------+--------+--------+--------+-----+--------+
         Total |    137 |    137 |      0 |      0 |     11 |   1 |  137.0 |
       Dungeon |    137 |    137 |      0 |      0 |     11 |   1 |  137.0 |
               +--------+--------+--------+--------+--------+-----+--------+

Top non-repeatable levels by time:
     D:5: 137 daAuts
